 Dungeon Crawl Stone Soup version 0.21.1-1-g345015f (webtiles) character file.

16 theblackcape the Insei (level 2, -1/22 HPs)
             Began as a Demigod Transmuter on June 4, 2018.
             Slain by a frilled lizard (2 damage)
             ... on level 1 of the Dungeon.
             The game lasted 00:02:41 (674 turns).

theblackcape the Insei (Demigod Transmuter)          Turns: 674, Time: 00:02:41

Health: -1/22      AC:  2    Str: 13    XL:     2   Next: 27%
Magic:  7/7        EV: 12    Int: 17    God:
Gold:   43         SH:  0    Dex: 16    Spells: 3/4 levels left

rFire    . . .     SeeInvis .   k - -2 mace (curse)
rCold    . . .     Gourm    .   (no shield)
rNeg     . . .     Faith    .   b - +0 robe
rPois    .         Spirit   .   (no helmet)
rElec    .         Reflect  .   (no cloak)
rCorr    .         Harm     .   (no gloves)
MR       .....                  (no boots)
Stlth    +.........             (no amulet)
HPRegen  0.07/turn              (no ring)
MPRegen  0.10/turn              (no ring)

@: no status effects
A: high mp 1
a: no special abilities


You were on level 1 of the Dungeon.
You were not hungry.

You visited 1 branch of the dungeon, and saw 1 of its levels.

You collected 43 gold pieces.

Inventory:

Hand Weapons
 k - a cursed -2 mace (weapon)
Missiles
 a - 27 arrows
Armour
 b - a +0 robe (worn)
Scrolls
 e - a scroll of random uselessness {unknown}
 h - a scroll of fear {unknown}
 i - 2 scrolls of identify {unknown}
Potions
 f - a potion of invisibility {unknown}
 g - a potion of agility {unknown}
 j - a potion of lignification {unknown}
Books
 c - a book of Changes

   Spells                             Type                      Level
   a - Beastly Appendage              Transmutation                1
   b - Sticks to Snakes               Transmutation                2
   c - Spider Form                    Transmutation/Poison         3
   d - Ice Form                       Ice/Transmutation            4
   e - Blade Hands                    Transmutation                5
Comestibles
 d - 2 rations


   Skills:
 + Level 0.8 Fighting
 + Level 1.9 Dodging
 + Level 3.2 Unarmed Combat
 + Level 1.9 Spellcasting
 + Level 1.9 Transmutations


You had 3 spell levels left.
You knew the following spells:

 Your Spells              Type           Power        Failure   Level  Hunger
a - Beastly Appendage     Tmut           #.....       9%          1    #......


Dungeon Overview and Level Annotations

Branches:
Dungeon (1/15)


Innate Abilities, Weirdness & Mutations

You have an increased reservoir of magic. (+10% MP)


Message History

The frilled lizard barely misses you. The frilled lizard closely misses you.
The frilled lizard bites you.
* * * LOW HITPOINT WARNING * * *
The frilled lizard closely misses you.
The frilled lizard bites you but does no damage.
The frilled lizard misses you.
The frilled lizard bites you but does no damage.
The frilled lizard bites you.
* * * LOW HITPOINT WARNING * * *
The frilled lizard barely misses you. The frilled lizard barely misses you.
The frilled lizard bites you but does no damage.
The frilled lizard barely misses you. The frilled lizard bites you.
* * * LOW HITPOINT WARNING * * *
The frilled lizard bites you.
* * * LOW HITPOINT WARNING * * *
The frilled lizard bites you.
You die...

.......#........#...#######
..##...#............####
..##...#...........[...#
.....#.#......##.#####.#
.......+....>..........#
..#....#............##
..#.##..............#
###.###.............####
..............##@l!....#
...###....#...##.......#
...#...................#
...#..........?........#
...#...$...............#
........#..............#
........#..........#####
........##.........#
.....#+###..........#


You could see a frilled lizard.

Vanquished Creatures
  2 dart slugs (D:1)
  2 bats (D:1)
  2 hobgoblins (D:1)
  2 frilled lizards (D:1)
  A goblin (D:1)
  2 kobolds (D:1)
  4 rats (D:1)
15 creatures vanquished.

Notes
Turn   | Place    | Note
-------+----------+-------------------------------------------
     0 | D:1      | theblackcape the Demigod Transmuter began the quest for the Orb.
     0 | D:1      | Reached XP level 1. HP: 15/15 MP: 5/5
   129 | D:1      | Reached skill level 3 in Unarmed Combat
   212 | D:1      | Reached XP level 2. HP: 5/22 MP: 7/7
   673 | D:1      | HP: 1/22 [frilled lizard (2)]
   674 | D:1      | Slain by a frilled lizard

Skill      XL: |  1 |
---------------+----+-----
Unarmed Combat | 3 |  3.2
Fighting       | |  0.8
Dodging        | |  1.9
Spellcasting   | |  1.9
Transmutations | |  1.9

Action                   || total
-------------------------++-------
Melee: Unarmed           ||    49
       Kick              ||     4
       Headbutt          ||     2
 Cast: Beastly Appendage ||     6
Armor: Robe              ||    31
Dodge: Dodged            ||    76
